 Dungeon Crawl Stone Soup version 0.29.1-15-g9cfb28693d (webtiles) character file.

Game seed: 1344276218828872102

233 croobank the Firebug (level 5, 0/38 HPs)
             Began as a Demonspawn Fire Elementalist on Mar 20, 2023.
             Killed from afar by an orc wizard (8 damage)
             ... with a magic dart
             ... on level 3 of the Dungeon.
             The game lasted 00:07:28 (3699 turns).

croobank the Firebug (Demonspawn Fire Elementalist) Turns: 3699, Time: 00:07:28

Health: 0/38       AC:  2    Str:  9    XL:     5   Next: 74%
Magic:  1/9        EV: 12    Int: 18    God:
Gold:   110        SH:  4    Dex: 13    Spells: 6/9 levels left

rFire   . . .      SeeInvis .   p - +3 dagger (venom)
rCold   . . .      Faith    .   (no shield)
rNeg    . . .      Spirit   .   a - +0 robe
rPois   .          Reflect  .   (no helmet)
rElec   .          Harm     .   (no cloak)
rCorr   .          Rampage  .   (no gloves)
Will    .....                   (no boots)
Stlth   ++........              (no amulet)
HPRegen 0.12/turn               (no ring)
MPRegen 0.11/turn               (no ring)

@: no status effects
A: demonic guardian 1, condensation shield
a: no special abilities


You were on level 3 of the Dungeon.
You visited 1 branch of the dungeon, and saw 3 of its levels.

You collected 110 gold pieces.

Inventory:

Hand Weapons
 d - a +0 mace
 f - a +0 dagger of protection
 p - a +3 dagger of venom (weapon)
Missiles
 k - 2 silver javelins
Armour
 a - a +0 robe (worn)
 l - a +0 leather armour
Scrolls
 b - 5 scrolls of immolation {unknown}
 e - a scroll of fog {unknown}
 h - 3 scrolls of identify {unknown}
 i - a scroll of teleportation {unknown}
 m - a scroll of amnesia {unknown}
 n - a scroll of poison {unknown}
Potions
 c - a potion of curing {unknown}
 g - a potion of degeneration {unknown}
 j - 2 potions of brilliance {unknown}
 o - 2 potions of cancellation {unknown}


   Skills:
 + Level 1.7 Fighting
 + Level 2.7 Dodging
 + Level 3.0 Stealth
 + Level 2.9 Spellcasting
 + Level 2.3 Conjurations
 + Level 3.4 Fire Magic


You had 6 spell levels left.
You knew the following spells:

 Your Spells              Type           Power      Damage    Failure   Level
a - Foxfire               Conj/Fire      52%        2x1d6     4%          1
b - Scorch                Fire           30%        2d6       6%          2

Your spell library contained the following spells:

 Spells                   Type           Power      Damage    Failure   Level
 Conjure Flame            Conj/Fire      13%        6-21      16%         3
 Inner Flame              Hex/Fire       8%         N/A       24%         3
 Flame Wave               Conj/Fire      13%        2d6       45%         4


Dungeon Overview and Level Annotations

Branches:
Dungeon (3/15)

Altars:


Innate Abilities, Weirdness & Mutations

A weak demonic guardian rushes to your aid.
A meltable shield of frost defends you. (SH +4)


Message History

Your ufetubus disappears in a puff of smoke!
Casting: Foxfire (safe; 5% risk of failure)
Confirm with . or Enter, or press ? or * to list all spells.
You conjure some foxfire!
The foxfire hits the orc wizard.
The orc wizard is heavily wounded.
The foxfire hits the rat.
The rat is heavily wounded.
The foxfire hits the orc wizard.
The orc wizard is almost dead.
The foxfire hits the orc wizard.
You kill the orc wizard!
The rat bites you. The orc hits you but does no damage.
You hit the orc priest.
The orc priest is poisoned.
The orc priest is severely wounded.
Something closely misses the orc.
The rat barely misses you. The orc closely misses you.
You hit the orc priest.
The orc priest is almost dead.
The rat bites you. The orc priest misses you. The orc barely misses you.
You hit the orc priest.
You kill the orc priest!
Something hits the rat.
The rat dies!
The orc hits you with a +0 whip.
Your Stealth skill increases to level 3!
You hit the orc.
The orc is poisoned.
The orc is moderately wounded.
The orc hits you with a +0 whip.
* * * LOW HITPOINT WARNING * * *
Something hits you.
* * * LOW HITPOINT WARNING * * *
You barely miss the orc.
The orc is severely wounded.
The orc completely misses you. Something barely misses you.
You hit the orc.
You kill the orc!
You hear some strange, mumbled words.
A magic dart appears from out of thin air!
The magic dart hits you!
You die...

.. ##..#.......## #v
#..##.......#
###.##...........#
...(...#......#.#
#.##.##......#..♣ #
#..#........#...♣
##.#####...#.#..#.....♣
#............#..#<...#♣
#......@)....#..#...##
.......){).#..#..#.....
.#.......#....#..#..##.#
.............##..<... ..
#........##.##....
#.....>..##.. ....♣
###..........#...♣♣
#........ ## #........


There were no monsters in sight!

Vanquished Creatures
  An orc priest (D:3)
  Natasha (thrice) (D:2)
  An orc wizard (D:3)
  2 adders (D:2)
  A gnoll (D:1)
  A worm (D:2)
  3 dart slugs (D:2)
  An orc (D:3)
  3 bats
  4 endoplasms (D:1)
  3 giant cockroaches
  11 goblins
  5 hobgoblins
  3 jackals (D:2)
  5 kobolds
  4 quokkas
  4 ball pythons
  A frilled lizard (D:3)
  5 rats
61 creatures vanquished.

Vanquished Creatures (collateral kills)
  Robin (D:2)
  An orc (D:3)
  A goblin (D:2)
3 creatures vanquished.

Vanquished Creatures (others)
  A rat (D:3)
  106 foxfires
107 creatures vanquished.

Grand Total: 171 creatures vanquished

Notes
Turn   | Place    | Note
-------+----------+-------------------------------------------
     0 | D:1      | croobank the Demonspawn Fire Elementalist began the quest
                  | for the Orb.
     0 | D:1      | Reached XP level 1. HP: 13/13 MP: 3/3
   656 | D:1      | Gained mutation: A meltable shield of frost defends you.
                  | (SH +4) [demonic ancestry]
   656 | D:1      | Reached XP level 2. HP: 6/19 MP: 0/5
   659 | D:1      | Learned a level 2 spell: Scorch
  1417 | D:1      | Reached XP level 3. HP: 5/24 MP: 1/6
  1903 | D:2      | Noticed Natasha
  1908 | D:2      | Killed Natasha
  2030 | D:2      | Noticed Natasha
  2033 | D:2      | Killed Natasha
  2034 | D:2      | Reached skill level 1 in Fighting
  2034 | D:2      | Reached XP level 4. HP: 32/32 MP: 0/7
  2342 | D:2      | Noticed Natasha
  2357 | D:2      | Killed Natasha
  2683 | D:2      | Found a faded altar of an unknown god.
  2742 | D:2      | Gained mutation: A weak demonic guardian rushes to your
                  | aid. [demonic ancestry]
  2742 | D:2      | Reached XP level 5. HP: 37/37 MP: 2/9
  2768 | D:2      | Noticed Robin
  3047 | D:2      | Killed Robin
  3699 | D:3      | Killed from afar by an orc wizard

Illustrated notes

Levels and vault maps discovered:
D:1:      evilmike_arrival_fibonacci_small, layout_basic,
          minmay_stone_trees_medium
D:2:      layout_basic, ebering_ecumenical_altar_box, minmay_pentomino_u2,
          uniq_robin, uniq_natasha
D:3:      due_chaos_kobolds, layout_rooms, serial_bayou, serial_bayou_pond_e,
          serial_bayou_lagoon_b, serial_bayou_ford_a, serial_bayou_crossing,
          minmay_cupped

Skill      XL: |  1  2  3  4  5 |
---------------+----------------+-----
Stealth        | 2 3 |  3.0
Dodging        | 2 |  2.7
Fire Magic     | 3 |  3.4
Fighting       | 1 |  1.7
Conjurations   | 2 |  2.3
Spellcasting   | |  2.9

Action                   |  1- 3 |  4- 6 || total
-------------------------+-------+-------++-------
Melee: Mace              |    21 |    17 ||    38
       Dagger            |       |    14 ||    14
 Cast: Foxfire           |    15 |    48 ||    63
       Scorch            |    20 |    20 ||    40
  Use: Potion            |     2 |     2 ||     4
Armor: Robe              |     1 |     7 ||     8
Dodge: Dodged            |    19 |    32 ||    51
Block: Other             |     2 |     8 ||    10
